 Dungeon Crawl Stone Soup version 0.28-a0-872-g80cf8599ee (webtiles) character file.

Game seed: 10731599865363293350

83 Rennog the Magician (level 4, -3/31 HPs)
             Began as a Djinni Earth Elementalist on Nov 21, 2021.
             Slain by Grinder (9 damage)
             ... while paralysed by Grinder
             ... on level 3 of the Dungeon.
             The game lasted 00:05:11 (2981 turns).

Rennog the Magician (Djinni Earth Elementalist)     Turns: 2981, Time: 00:05:11

Health: -3/31      AC:  4    Str:  8    XL:     4   Next: 71%
Gold:   61         EV:  2    Int: 17    God:
                   SH:  0    Dex: 13

rFire   + + .      SeeInvis .   (no weapon)
rCold   x . .      Faith    .   (no shield)
rNeg    . . .      Spirit   .   b - +0 robe
rPois   ∞          Reflect  .   l - +0 helmet
rElec   .          Harm     .   (no cloak)
rCorr   .          Rampage  .   n - +0 pair of gloves
Will    .....                   (boots unavailable)
Stlth   ++........              (no amulet)
HPRegen 0.10/turn               (no ring)
MPRegen 0.00/turn               (no ring)

@: paralysed, flying
A: sickness immunity, fire resistance 2, cold vulnerability 1, float, innate
caster, hp casting, extra vitality 1
a: no special abilities


You were on level 3 of the Dungeon.
You visited 1 branch of the dungeon, and saw 3 of its levels.

You collected 61 gold pieces.

Inventory:

Missiles
 m - 51 stones
Armour
 b - a +0 robe (worn)
 g - a +0 tower shield
 l - a +0 helmet (worn)
 n - a +0 pair of gloves (worn)
Jewellery
 p - a ring of ice
Scrolls
 c - 3 scrolls of identify {unknown}
 h - a scroll of enchant weapon {unknown}
 k - a scroll of magic mapping {unknown}
 o - a scroll of summoning {unknown}
 q - a scroll of enchant armour {unknown}
Potions
 a - a potion of brilliance {unknown}
 d - a potion of heal wounds {unknown}
 e - 2 potions of mutation {unknown}
 f - a potion of cancellation {unknown}
 i - a potion of berserk rage {unknown}
 j - a potion of lignification {unknown}


   Skills:
 - Level 2.2 Dodging
 - Level 1.5 Stealth
 * Level 4.0 Spellcasting


You couldn't memorise any spells.
You knew the following spells:

 Your Spells              Type           Power      Damage    Failure   Level
a - Sandblast             Erth           34%        2d9       3%          1
b - Passwall              Tmut/Erth      14%        N/A       4%          2
c - Stone Arrow           Conj/Erth      34%        3d9       9%          3
d - Petrify               Tmut/Erth      17%        N/A       30%         4
e - Pain                  Necr           68%        1d7       3%          1
Your spell library was empty.

Dungeon Overview and Level Annotations

Branches:
Dungeon (3/15)

Altars:

Annotations:
D:3 Grinder


Innate Abilities, Weirdness & Mutations

You are immune to sickness and miasma.
You are immune to poison.
Your flesh is very heat resistant. (rF++)
You are vulnerable to cold. (rC-)
You float through the air rather than walking.
You learn spells naturally, not from books.
Your magical power is your life essence.
You have superior vitality. (+4 HP)


Message History

You can't see any susceptible monsters within range! (Use Z to cast anyway.) Unknown command.
Grinder gestures at you. You resist with significant effort.
Casting: Pain (safe; 3% risk of failure)
Confirm with . or Enter, or press ? or * to list all spells.
You can't see any susceptible monsters within range! (Use Z to cast anyway.) Unknown command.
Casting: Pain (safe; 3% risk of failure)
Confirm with . or Enter, or press ? or * to list all spells.
You can't see any susceptible monsters within range! (Use Z to cast anyway.) Unknown command.
Casting: Pain (safe; 3% risk of failure)
Confirm with . or Enter, or press ? or * to list all spells.
You can't see any susceptible monsters within range! (Use Z to cast anyway.) Unknown command.
Casting: Pain (safe; 3% risk of failure)
Confirm with . or Enter, or press ? or * to list all spells.
Aiming: Sandblast (safe; 3% risk of failure)
Press: ? - help, Shift-Dir - straight line, f - Grinder
Aim: Grinder (77% to hit)
The blast of sand hits Grinder!
Grinder is lightly wounded.
Grinder gestures at you. Pain shoots through your body!
Casting: Sandblast (safe; 3% risk of failure)
Confirm with . or Enter, or press ? or * to list all spells.
Aiming: Sandblast (safe; 3% risk of failure)
Press: ? - help, Shift-Dir - straight line, f/p - Grinder
Aim: Grinder (lightly wounded, 77% to hit)
The blast of sand misses Grinder.
Grinder gestures at you.
You suddenly lose the ability to move!
Grinder gestures at you. Pain shoots through your body!
* * * LOW HITPOINT WARNING * * *
Grinder gestures at you. You resist with significant effort. Grinder hits you!
You die...

.. #..........
...#........#
...........#
...........#
#.........####
#............#
#######......#
#..)...########
#.......5@....#
###.##........#
#.##........#
#####.##........#
#...............#
#.......#########
#.......#
#####.### #.#


You could see Grinder.

Vanquished Creatures
  Robin (D:2)
  An adder (D:2)
  A dart slug (D:1)
  4 endoplasms
  2 giant cockroaches
  10 goblins
  13 hobgoblins
  2 quokkas (D:2)
  5 bats
  11 frilled lizards (D:2)
  3 kobolds (D:2)
  4 rats
57 creatures vanquished.

Vanquished Creatures (others)
  4 plants (D:2)
4 creatures vanquished.

Grand Total: 61 creatures vanquished

Notes
Turn   | Place    | Note
-------+----------+-------------------------------------------
     0 | D:1      | Rennog the Djinni Earth Elementalist began the quest for
                  | the Orb.
     0 | D:1      | Reached XP level 1. HP: 15/15 MP: 0/0
   365 | D:1      | Reached XP level 2. HP: 18/21 MP: 0/0
   866 | D:1      | Reached skill level 3 in Spellcasting
  1027 | D:2      | Reached XP level 3. HP: 24/25 MP: 0/0
  1027 | D:2      | Learned a level 1 spell: Pain
  1339 | D:2      | Noticed Robin
  1998 | D:2      | Killed Robin
  1999 | D:2      | Reached XP level 4. HP: 11/31 MP: 0/0
  2862 | D:2      | Reached skill level 4 in Spellcasting
  2961 | D:3      | Noticed Grinder
  2976 | D:3      | Paralysed by Grinder for 7 turns
  2981 | D:3      | Slain by Grinder

Illustrated notes

Levels and vault maps discovered:
D:1:      lemuel_arrival_room, layout_basic
D:2:      layout_rooms, serial_corexii_hall, corexii_hall_statues_s,
          corexii_hall_statues_x, minmay_lizard_king, uniq_robin
D:3:      layout_basic, nicolae_uskayaw_murder_on_the_dancefloor,
          gammafunk_ghost_nasty_kobolds, shapermc_ecumenical_altar_acropolis,
          minmay_joined_circles, uniq_grinder

Skill      XL: |  1  2  3  4 |
---------------+-------------+-----
Spellcasting   | 3 4 |  4.0
Dodging        | |  2.2
Stealth        | |  1.5

Action                   |  1- 3 |  4- 6 || total
-------------------------+-------+-------++-------
 Cast: Sandblast         |    46 |    13 ||    59
       Pain              |    11 |    17 ||    28
       Stone Arrow       |     2 |       ||     2
Armor: Robe              |     8 |     1 ||     9
Dodge: Dodged            |    10 |     7 ||    17

Table legend: (Time is in decaauts)
 A = Elapsed time spent in this place.
 B = Non-inter-level travel time spent in this place.
 C = Inter-level travel time spent in this place.
 D = Time resting spent in this place.
 E = Time spent auto-exploring this place.
 F = Levels seen in this place.
 G = Mean time per level.
                   A        B        C        D        E       F      G
               +--------+--------+--------+--------+--------+-----+--------+
         Total |   2986 |   2631 |    355 |    826 |   1525 |   3 |  995.3 |
       Dungeon |   2986 |   2631 |    355 |    826 |   1525 |   3 |  995.3 |
               +--------+--------+--------+--------+--------+-----+--------+

Top non-repeatable levels by time:
     D:1: 2115 daAuts
     D:2: 822 daAuts
     D:3: 48 daAuts
